 Dungeon Crawl Stone Soup version 0.24-a0-445-gd5110b030a (webtiles) character file.

Game seed: 15337827277687137668

84983 mortelune the Devastator (level 15, -2/90 HPs)
             Began as a Deep Elf Fire Elementalist on June 22, 2019.
             Was a High Priest of Vehumet.
             Slain by Jorgrun
             ... wielding an uncursed staff of earth
              (13 damage)
             ... on level 13 of the Dungeon.
             The game lasted 01:40:36 (33801 turns).

mortelune the Devastator (DEFE)                    Turns: 33801, Time: 01:40:36

Health: -2/90      AC: 17    Str: 10    XL:     15   Next: 36%
Magic:  5/34       EV: 18    Int: 22    God:    Vehumet [*****.]
Gold:   409        SH:  5    Dex: 15    Spells: 15/40 levels left

rFire    + . .     SeeInvis +   B - +5 scimitar (freeze)
rCold    + . .     Gourm    .   W - +0 buckler
rNeg     . . .     Faith    .   g - +2 robe {rC+ rF+}
rPois    .         Spirit   .   j - +1 helmet {SInv}
rElec    .         Reflect  .   R - +1 cloak {MR+}
rCorr    .         Harm     .   q - +0 pair of gloves
MR       +++..                  (no boots)
Stlth    ++........             F - amulet of regeneration
HPRegen  0.65/turn              d - ring of Robustness {AC+8}
MPRegen  0.24/turn              y - ring of protection from magic

@: grasped by roots, constricted
A: no striking features
a: Renounce Religion


You were on level 13 of the Dungeon.
You worshipped Vehumet.
Vehumet was extremely pleased with you.
You were hungry.

You visited 4 branches of the dungeon, and saw 24 of its levels.
You also visited: Bailey and Gauntlet.

You collected 2975 gold pieces.
You spent 2566 gold pieces at shops.

Inventory:

Hand Weapons
 B - a +5 scimitar of freezing (weapon)
Armour
 g - a +2 robe of resistance (worn)
 j - a +1 helmet of see invisible (worn)
 q - a +0 pair of gloves (worn)
 O - the cursed +0 scale mail of Ojaas {MR+ Str+5 Int+2}
   (You found it on level 10 of the Dungeon)

   It affects your strength (+5).
   It affects your intelligence (+2).
   It affects your resistance to hostile enchantments.
   It has a curse placed upon it.
 Q - a scarf of cloud immunity
 R - a +1 cloak of magic resistance (worn)
 T - a +0 shield of reflection
 W - a +0 buckler (worn)
Magical Staves
 S - an uncursed staff of conjuration
Jewellery
 d - the ring of Robustness (left hand) {AC+8}
   (You bought it in a shop on level 9 of the Dungeon)

   [ring of protection]

   It affects your AC (+8).
 f - an uncursed ring of flight
 s - an uncursed ring of protection from cold
 y - a ring of protection from magic (right hand)
 C - an uncursed ring of see invisible
 F - an amulet of regeneration (around neck)
 L - an uncursed ring of fire
 U - an uncursed ring of positive energy
 Y - an uncursed amulet of the acrobat
Wands
 a - a wand of digging (2)
 v - a wand of enslavement (13)
 A - a wand of acid (14)
 G - a wand of iceblast (12)
 H - a wand of polymorph (16)
 P - a wand of flame (21)
 X - a wand of paralysis (9)
Scrolls
 b - 3 scrolls of amnesia
 i - 6 scrolls of identify
 k - 2 scrolls of enchant weapon
 m - 3 scrolls of teleportation
 p - 2 scrolls of magic mapping
 t - 9 scrolls of remove curse
 x - 7 scrolls of enchant armour
 E - 3 scrolls of blinking
 I - a scroll of fear
 M - a scroll of noise {unknown}
 N - a scroll of silence
 Z - 3 scrolls of fog
Potions
 e - 3 potions of ambrosia
 h - 2 potions of mutation
 l - 3 potions of cancellation
 n - 3 potions of heal wounds
 r - 6 potions of curing
 u - 3 potions of flight
 w - 3 potions of brilliance
 z - 2 potions of berserk rage
 D - a potion of agility
 J - 2 potions of degeneration
 K - 3 potions of resistance
 V - 4 potions of might
Comestibles
 c - 33 rations


   Skills:
 + Level 9.2 Fighting
 + Level 2.3 Long Blades
 - Level 2.5 Armour
 + Level 12.3 Dodging
 - Level 2.4 Stealth
 - Level 4.0 Shields
 - Level 13.1 Spellcasting
 * Level 16.0 Conjurations
 - Level 12.4 Fire Magic
 + Level 8.3 Earth Magic


You had 15 spell levels left.
You knew the following spells:

 Your Spells              Type           Power        Failure   Level  Hunger
a - Flame Tongue          Conj/Fire      #####        0%          1    None
b - Throw Flame           Conj/Fire      ######       0%          2    None
c - Conjure Flame         Conj/Fire      ######..     1%          3    None
d - Sticky Flame          Conj/Fire      ######..     1%          4    None
e - Fireball              Conj/Fire      ######....   1%          5    ###....
f - Shock                 Conj/Air       ####         1%          1    None
q - Stone Arrow           Conj/Erth      ######       1%          3    None
s - Bolt of Fire          Conj/Fire      ######....   1%          6    #####..

Your spell library contained the following spells:

 Spells                   Type           Power        Failure   Level  Hunger
 Bolt of Cold             Conj/Ice       #####.....   7%          6    #####..
 Inner Flame              Hex/Fire       #####...     1%          3    None
 Bolt of Draining         Conj/Necr      #####.....   1%          5    ###....
 Animate Skeleton         Necr           N/A          4%          1    None
 Apportation              Tloc           ##....       4%          1    None
 Beastly Appendage        Tmut           ##....       4%          1    None
 Confusing Touch          Hex            ##....       4%          1    None
 Pain                     Necr           ##..         4%          1    None
 Summon Small Mammal      Summ           ##..         4%          1    None
 Corpse Rot               Necr           N/A          7%          2    None
 Shroud of Golubria       Chrm/Tloc      ##....       7%          2    None
 Sticks to Snakes         Tmut           ##......     7%          2    None
 Sublimation of Blood     Necr           ##........   7%          2    None
 Regeneration             Chrm/Necr      ##........   13%         3    None
 Spider Form              Tmut/Pois      ##........   13%         3    None
 Teleport Other           Tloc           ##......     13%         3    None
 Vampiric Draining        Necr           ##........   13%         3    None
 Animate Dead             Necr           N/A          41%         4    None
 Ice Form                 Ice/Tmut       ##......     41%         4    None
 Agony                    Necr           ##......     77%         5    ###....
 Blade Hands              Tmut           ##........   77%         5    ###....
 Dispel Undead            Necr           ##......     77%         5    ###....
 Excruciating Wounds      Chrm/Necr      ##........   77%         5    ###....


Dungeon Overview and Level Annotations

Branches:
Dungeon (15/15)            Temple (1/1) D:7            Lair (6/6) D:10
 Shoals (0/4) Lair:4        Snake (0/4) Lair:4        Slime (0/5) Lair:5
    Orc (2/2) D:12            Elf (0/3) Orc:2        Vaults (0/5) D:13
 Depths (0/5) D:15

Altars:
Ashenzari
Cheibriados
Dithmenos
Elyvilon
Fedhas
Gozag
Hepliaklqana
Kikubaaqudgha
Makhleb
Nemelex Xobeh
Okawaru
Qazlal
Ru
Sif Muna
Trog
Uskayaw
Vehumet
Wu Jian
Xom
Yredelemnul
Zin
The Shining One

Shops:
D:9 !%*%=   D:15 *   Orc:2 [=*(

Annotations:
D:13 Jorgrun
Lair:3 Rupert
Lair:6 1 runed translucent door, Noname's ghost, journeyman VSWn


Message History

The grasping roots constrict you.
You feel much better.
Jorgrun burns!
Jorgrun says, "I've ne'er se'n tha particular type o' rock formation 'fore."
Jorgrun closely misses you. The grasping roots constrict you!
You hit Jorgrun. You freeze Jorgrun.
Jorgrun is severely wounded.
Jorgrun burns!
Jorgrun stops burning.
Jorgrun says, "Tha earth be me home, an' ye be trespassing!"
Jorgrun hits you but does no damage. The grasping roots constrict you.
You closely miss Jorgrun.
Jorgrun is severely wounded.
Jorgrun says, "Yer just na down-ta-earth enough."
Jorgrun hits you but does no damage. The grasping roots constrict you!!
You hit Jorgrun. You freeze Jorgrun.
Jorgrun is almost dead.
Jorgrun hits you with an uncursed staff of earth!
* * * LOW HITPOINT WARNING * * *
Jorgrun crushes you!
* * * LOW HITPOINT WARNING * * *
You die...

######### #.......#
# #.g.....###### ##
#.@.....##...######
>#
#..........#.......
.#
#.......##...####.#
.########
#.....+#########...
........#
#.....#≈≈≈≈# #....
.######.#
#####.##≈...# ##(..
)#
#<######......#≈...#
##.# .#
#.....##.###.##≈...#
#.# .# #####.##.#
#.##≈...## #.#


You could see Jorgrun.

Vanquished Creatures
  Donald (Orc:2)
  An orc warlord (Orc:1)
  A dire elephant (Lair:6)
  Azrael (D:11)
  Josephine (D:11)
  7 hydras
  2 vault guards (D:13)
  A merfolk avatar (Lair:6)
  5 death yaks (Lair:5)
  2 centaur warriors
  7 two-headed ogres
  Sonja (D:12)
  Nergalle (D:11)
  A sea snake (Lair:6)
  2 unseen horrors
  2 wizards (D:13)
  A necromancer (D:13)
  A deep elf mage (D:14)
  2 oklob plants (Lair:5)
  7 orc sorcerers (Orc:2)
  6 orc knights
  5 ugly things
  4 manticores
  A large abomination (Gauntlet)
  A moth of wrath (Gauntlet)
  4 elephants
  5 cyclopes
  3 black mambas
  4 centaur zombies
  A gargoyle (D:13)
  4 spiny frogs
  A centaur skeleton (D:14)
  A kobold demonologist (D:11)
  6 rime drakes
  2 komodo dragons
  3 hornets
  11 polar bears
  8 trolls
  Prince Ribbit (D:5)
  4 slime creatures (D:13)
  9 hippogriffs
  21 blink frogs
  A wind drake (Lair:6)
  6 dream sheep (Lair:4)
  A shadow (D:13)
  33 yaks
  9 wyverns
  4 fire elementals
  3 wraiths (D:11)
  A vampire (D:15)
  20 humans (D:13)
  A steam dragon (shapeshifter) (D:14)
  3 hungry ghosts
  A basilisk (Lair:6)
  2 wargs
  10 water moccasins
  4 hell hounds
  6 nagas (Lair:4)
  Duvessa (D:5)
  3 porcupines
  35 orc warriors
  3 sky beasts
  An eye of draining (D:10)
  2 ice beasts
  4 black bears
  18 ogres
  A phantom (D:7)
  14 centaurs
  13 crocodiles
  7 big kobolds
  16 bullfrogs
  12 gnoll sergeants
  Dowan (D:5)
  A wyvern skeleton (D:13)
  5 scorpions
  5 small abominations (Gauntlet)
  5 wights (D:7)
  A howler monkey (D:13)
  6 crimson imps
  A wyvern simulacrum (Gauntlet)
  A bullfrog zombie (D:11)
  8 orc wizards
  A quasit (D:11)
  7 hounds
  4 jellies
  3 orc priests
  3 bullfrog skeletons
  7 gnoll shamans
  6 iguanas
  Natasha (thrice) (D:4)
  15 worker ants
  4 centaur simulacra
  A hound zombie (D:10)
  A hound skeleton (D:4)
  A howler monkey zombie (D:5)
  A worker ant zombie (D:7)
  A howler monkey skeleton (D:6)
  10 adders
  29 gnolls
  4 shadow imps
  2 oozes
  3 adder skeletons
  4 worms
  2 dart slugs (D:1)
  3 leopard geckos
  63 orcs
  7 giant cockroaches
  7 goblins
  4 hobgoblins
  17 jackals
  5 quokkas
  3 ball pythons
  8 bats
  9 frilled lizards
  2 giant cockroach zombies (D:6)
  19 kobolds
  11 rats
  3 fungi (Lair:6)
  3 plants
697 creatures vanquished.

Vanquished Creatures (others)
  2 jackals (D:3)
  A demonic plant (Gauntlet)
  21 fungi
  13 plants
  A withered plant (D:15)
38 creatures vanquished.

Grand Total: 735 creatures vanquished

Notes
Turn   | Place    | Note
-------+----------+-------------------------------------------
     0 | D:1      | mortelune the Deep Elf Fire Elementalist began the quest
                  | for the Orb.
     0 | D:1      | Reached XP level 1. HP: 10/10 MP: 6/6
   360 | D:1      | Reached XP level 2. HP: 15/15 MP: 5/8
   364 | D:1      | Learned a level 2 spell: Throw Flame
   852 | D:1      | Reached skill level 2 in Conjurations
   972 | D:1      | Reached XP level 3. HP: 20/20 MP: 4/9
   977 | D:1      | Learned a level 3 spell: Conjure Flame
  2039 | D:2      | Reached skill level 1 in Fighting
  2277 | D:2      | Found a glowing golden altar of the Shining One.
  2441 | D:2      | Reached XP level 4. HP: 25/25 MP: 0/11
  3039 | D:2      | Found a faded altar of an unknown god.
  3265 | D:3      | Found a deep blue altar of Sif Muna.
  3378 | D:3      | Found a sacrificial altar of Ru.
  3642 | D:3      | Found a radiant altar of Vehumet.
  3708 | D:3      | Noticed an ogre
  3718 | D:3      | Killed an ogre
  3718 | D:3      | Reached skill level 1 in Armour
  3718 | D:3      | Reached skill level 3 in Conjurations
  3718 | D:3      | Reached XP level 5. HP: 29/29 MP: 6/13
  3770 | D:3      | Learned a level 4 spell: Sticky Flame
  3997 | D:4      | Noticed an ogre
  4176 | D:4      | Noticed a sky beast
  4190 | D:4      | Killed a sky beast
  4190 | D:4      | Reached XP level 6. HP: 10/34 MP: 0/14
  4451 | D:4      | Noticed Natasha
  4462 | D:4      | Killed Natasha
  4782 | D:4      | Reached skill level 5 in Spellcasting
  4782 | D:4      | Reached skill level 5 in Fire Magic
  4880 | D:4      | Noticed Natasha
  4882 | D:4      | Killed Natasha
  4892 | D:4      | Reached skill level 4 in Conjurations
  5123 | D:4      | Found a shadowy altar of Dithmenos.
  5197 | D:4      | Reached XP level 7. HP: 39/39 MP: 9/16
  5258 | D:4      | Noticed Natasha
  5264 | D:4      | Killed Natasha
  5384 | D:5      | Entered Level 5 of the Dungeon
  5834 | D:5      | Learned a level 5 spell: Fireball
  5929 | D:5      | Noticed Prince Ribbit
  6478 | D:5      | Noticed Dowan
  6479 | D:5      | Noticed Duvessa
  6491 | D:5      | Killed Duvessa
  6491 | D:5      | Reached skill level 5 in Conjurations
  6618 | D:5      | Killed Prince Ribbit
  6618 | D:5      | Reached XP level 8. HP: 43/45 MP: 6/20
  7033 | D:5      | Killed Dowan
  7475 | D:6      | Found a sparkling altar of Nemelex Xobeh.
  7782 | D:6      | Reached skill level 6 in Conjurations
  7959 | D:6      | Found an iron altar of Okawaru.
  8322 | D:7      | Noticed a hippogriff
  8330 | D:7      | Killed a hippogriff
  8330 | D:7      | Reached XP level 9. HP: 47/51 MP: 12/23
  8339 | D:7      | Found a flagged portal.
  8605 | Bailey   | Entered a bailey
  8630 | Bailey   | Reached skill level 7 in Conjurations
  9105 | Bailey   | Identified the cursed +1 flail of Peril {elec, *Rage +Blink
                  | +Inv Stlth+}
  9980 | D:7      | Found a staircase to the Ecumenical Temple.
  9990 | Temple   | Entered the Ecumenical Temple
 10342 | D:3      | Became a worshipper of Vehumet
 10367 | D:3      | Reached skill level 5 in Dodging
 10682 | D:8      | Found a white marble altar of Elyvilon.
 10707 | D:8      | Reached skill level 8 in Conjurations
 10707 | D:8      | Reached XP level 10. HP: 41/56 MP: 11/25
 11114 | D:8      | Found a stormy altar of Qazlal.
 11119 | D:8      | Reached skill level 10 in Spellcasting
 11365 | D:8      | Noticed a two-headed ogre
 11372 | D:8      | Killed a two-headed ogre
 11744 | D:9      | Found Zanoov's Assorted Antiques.
 11748 | D:9      | Bought a glowing bone wand for 124 gold pieces
 11864 | D:9      | Found a hazy altar of Hepliaklqana.
 11935 | D:9      | Found a glowing silver altar of Zin.
 12096 | D:9      | Found Fyekh's Food Boutique.
 12273 | D:9      | Found Xateon's Food Boutique.
 12385 | D:9      | Found Yxetyor's Distillery.
 12392 | D:9      | Bought a potion of berserk rage for 55 gold pieces
 12392 | D:9      | Bought a potion of heal wounds for 55 gold pieces
 12392 | D:9      | Bought 2 potions of magic for 176 gold pieces
 12392 | D:9      | Bought a potion of degeneration for 11 gold pieces
 12392 | D:9      | Bought a potion of resistance for 110 gold pieces
 12392 | D:9      | Bought 2 potions of brilliance for 88 gold pieces
 12392 | D:9      | Bought a potion of flight for 33 gold pieces
 12545 | D:9      | Found Moang's Jewellery Shop.
 12549 | D:9      | Bought an uncursed ring of fire for 300 gold pieces
 12569 | D:9      | Found an ornate altar of the Wu Jian Council.
 12718 | D:10     | Entered Level 10 of the Dungeon
 12725 | D:10     | Reached * piety under Vehumet
 12725 | D:10     | Offered knowledge of Shock by Vehumet.
 12862 | D:10     | Reached skill level 9 in Conjurations
 12924 | D:10     | Noticed an unseen horror
 12930 | D:10     | Killed an unseen horror
 13076 | D:10     | Noticed a white ugly thing
 13090 | D:10     | Killed a white ugly thing
 13421 | D:10     | Reached skill level 10 in Fire Magic
 13421 | D:10     | Reached XP level 11. HP: 62/62 MP: 10/28
 13501 | D:10     | Noticed a two-headed ogre
 13508 | D:10     | Killed a two-headed ogre
 13651 | D:10     | Reached skill level 5 in Fighting
 13986 | D:10     | Found a staircase to the Lair.
 13992 | D:10     | Got a polished scale mail
 13993 | D:10     | Identified the cursed +0 scale mail of Ojaas {MR+ Str+5
                  | Int+2} (You found it on level 10 of the Dungeon)
 14435 | D:10     | Learned a level 1 spell: Shock
 14667 | D:11     | Noticed a six-headed hydra
 14679 | D:11     | Killed a six-headed hydra
 14804 | D:11     | Reached skill level 10 in Conjurations
 14876 | D:11     | Noticed Nergalle
 14949 | D:11     | Noticed a brown ugly thing
 14982 | D:11     | Noticed Josephine
 14986 | D:11     | Reached ** piety under Vehumet
 14993 | D:11     | Killed Josephine
 14993 | D:11     | Offered knowledge of Searing Ray by Vehumet.
 15024 | D:11     | HP: 1/64 [acid (8)]
 15027 | D:11     | Killed a brown ugly thing
 15307 | D:11     | Killed Nergalle
 15467 | D:11     | Noticed a cyan ugly thing
 15567 | Lair:1   | Entered Level 1 of the Lair of Beasts
 16298 | Lair:1   | Reached XP level 12. HP: 69/69 MP: 17/30
 16733 | Lair:2   | Found a gate leading to a gauntlet.
 16742 | Gauntlet | Entered a Gauntlet
 16742 | Gauntlet | Found a transporter.
 16742 | Gauntlet | Found a transporter.
 16746 | Gauntlet | Found a transporter.
 16746 | Gauntlet | Found a transporter.
 16750 | Gauntlet | Found a transporter.
 16750 | Gauntlet | Found a transporter.
 16788 | Gauntlet | Found a transporter.
 16804 | Gauntlet | Found a transporter.
 16804 | Gauntlet | Noticed a death yak
 16804 | Gauntlet | Noticed a death yak
 16804 | Gauntlet | Noticed a death yak
 16805 | Gauntlet | Noticed a death yak
 16805 | Gauntlet | Noticed a death yak
 16807 | Gauntlet | Noticed a death yak
 16813 | Gauntlet | Found a transporter.
 16894 | Gauntlet | Reached skill level 11 in Conjurations
 17019 | Gauntlet | Noticed a tengu warrior
 17033 | Gauntlet | Found a transporter.
 17033 | Gauntlet | Found a transporter.
 17037 | Gauntlet | Found a transporter.
 17246 | Gauntlet | Identified the ring of Makhleb's Approval {*Tele rN+}
 17246 | Gauntlet | Noticed a minotaur
 17538 | Lair:2   | Noticed a six-headed hydra
 17545 | Lair:2   | Killed a six-headed hydra
 17545 | Lair:2   | Offered knowledge of Ignite Poison by Vehumet.
 17968 | Lair:2   | Noticed a seven-headed hydra
 17974 | Lair:2   | Killed a seven-headed hydra
 17974 | Lair:2   | Reached skill level 1 in Shields
 18365 | Lair:3   | Identified a scroll of acquirement
 18592 | Lair:3   | Noticed Rupert
 18678 | Lair:3   | Noticed a seven-headed hydra
 18693 | Lair:3   | Killed a seven-headed hydra
 19034 | Lair:4   | Reached *** piety under Vehumet
 19180 | Lair:4   | Found a staircase to the Shoals.
 19506 | Lair:4   | Offered knowledge of Stone Arrow by Vehumet.
 19770 | Lair:4   | Reached skill level 12 in Conjurations
 20173 | Lair:4   | Found a staircase to the Snake Pit.
 20336 | Lair:4   | Reached **** piety under Vehumet
 20336 | Lair:4   | Reached XP level 13. HP: 75/75 MP: 27/32
 20477 | Lair:4   | Learned a level 3 spell: Stone Arrow
 20777 | Lair:5   | Offered knowledge of Yara's Violent Unravelling by Vehumet.
 20863 | Lair:5   | Reached skill level 1 in Earth Magic
 21373 | Lair:5   | Found a staircase to the Slime Pits.
 22069 | Lair:6   | Entered Level 6 of the Lair of Beasts
 22125 | Lair:6   | Found a runed translucent door.
 22125 | Lair:6   | Noticed Noname's ghost (journeyman VSWn)
 22302 | Lair:5   | Reached skill level 13 in Conjurations
 22866 | Lair:6   | Reached skill level 10 in Dodging
 23381 | Lair:6   | Identified the Collected Works on the Warped Blaze
 23435 | Lair:6   | Noticed a dire elephant
 23453 | Lair:6   | Killed a dire elephant
 24080 | Lair:6   | Reached ***** piety under Vehumet
 24080 | Lair:6   | Offered knowledge of Bolt of Fire by Vehumet.
 24090 | Lair:6   | Learned a level 6 spell: Bolt of Fire
 24318 | Lair:6   | Reached skill level 5 in Earth Magic
 24459 | Lair:6   | Reached XP level 14. HP: 83/83 MP: 17/33
 25335 | D:11     | Reached skill level 14 in Conjurations
 25743 | D:12     | Noticed Azrael
 26306 | D:11     | Killed Azrael
 26682 | D:12     | Noticed Sonja
 26683 | D:12     | Killed Sonja
 26793 | D:12     | Found a staircase to the Orcish Mines.
 27246 | Orc:1    | Entered Level 1 of the Orcish Mines
 27747 | Orc:2    | Entered Level 2 of the Orcish Mines
 27827 | Orc:2    | Found a staircase to the Elven Halls.
 27830 | Orc:2    | Noticed Donald
 27833 | Orc:2    | Killed Donald
 28070 | Orc:2    | Noticed an orc warlord
 28674 | Orc:1    | Killed an orc warlord
 29048 | Orc:2    | Reached skill level 15 in Conjurations
 29305 | Orc:2    | Offered knowledge of Poison Arrow by Vehumet.
 29595 | Orc:2    | Found Kiuba's General Store.
 29646 | Orc:2    | Bought 2 scrolls of teleportation for 78 gold pieces
 29665 | Orc:2    | Found Touphur's Jewellery Emporium.
 29678 | Orc:2    | Found Itirph's Antique Armour Shoppe.
 29925 | Orc:2    | Found Gighovoi's Antique Weapon Shoppe.
 30561 | D:9      | Bought the ring of Robustness {AC+8} for 1536 gold pieces
 30561 | D:9      | Found the ring of Robustness {AC+8}
 31243 | D:13     | Reached XP level 15. HP: 89/89 MP: 5/34
 31580 | D:13     | Reached skill level 1 in Long Blades
 32211 | D:13     | Found a gate to the Vaults.
 32240 | D:13     | You fall into a shaft and drop 2 floors!
 32240 | D:15     | Entered Level 15 of the Dungeon
 32252 | D:15     | Found Torahur's Blood Bar.
 32256 | D:15     | Offered knowledge of Bolt of Cold by Vehumet.
 32474 | D:14     | Paralysed by fainting for 6 turns
 32482 | D:14     | Paralysed by fainting for 8 turns
 32933 | D:14     | Noticed Jorgrun
 33174 | D:13     | Found an iron altar of Okawaru.
 33177 | D:13     | Reached skill level 16 in Conjurations
 33801 | D:13     | Slain by Jorgrun

Levels and vault maps discovered:
D:1:      saegor_arrival_under_anarchy, layout_basic,
          chequers_serial_rivers_micro_a
D:2:      layout_basic, tso_oasis_becter, chequers_ecumenical_altar_island,
          minmay_quantized
D:3:      layout_rooms, fiery_altar_vehumet, old_standard_altar,
          nicolae_overflow_crystal_walls, serial_bayou, serial_bayou_pond_d,
          serial_bayou_pond_d, serial_bayou_lagoon_a, serial_bayou_pond_a,
          first_ration, minmay_misc_feat_room, grunt_decor_one_mirror
D:4:      layout_rooms, overflow_temple_1_default, uniq_natasha
D:5:      layout_gridville, hangedman_minor_gate_pass, uniq_prince_ribbit1,
          uniq_duvessa
D:6:      layout_basic, okawaru_trees_2, lemuel_round_altar
D:7:      layout_basic, minmay_temple_entry_glass, enter_bailey_8
D:8:      layout_basic, lemuel_doored_altar, elyvilon_altar_4
D:9:      layout_basic, kennysheep_little_box, kennysheep_mini_moat,
          old_standard_altar, serial_shops, shop, nicolae_shop_trees, shop,
          kennysheep_mini, nicolae_shop_competitors_out_of_business
D:10:     layout_cave_pods, grunt_lair_entry_orc_guard_hut
D:11:     layout_layer_cave, uniq_nergalle, uniq_josephine
D:12:     layout_cave_pools, kennysheep_orc_monster_closet_entryway,
          uniq_azrael, uniq_sonja
D:13:     layout_loops_corners, grunt_vaults_entry_tiered, serial_rivers,
          chequers_serial_rivers_room_a, chequers_serial_rivers_room_a,
          chequers_serial_rivers_micro_c, chequers_serial_rivers_small_3,
          chequers_serial_rivers_room_a, basic_altar
D:14:     layout_gridville, uniq_jorgrun
D:15:     gammafunk_depths_entry_grave, layout_small_grid, serial_shops,
          nicolae_shop_window_shopping, chequers_serial_rivers_micro_a,
          serial_bayou_pond_c, guppyfry_shop_blood
Temple:   bh_familiar_temple
Lair:1:   layout_loops_ring, cheibrodos_lair_lostbears
Lair:2:   layout_regular_city, gauntlet_entry_generic, lemuel_fruit_tree
Lair:3:   minmay_guarded_unrand_snakebite, layout_cave_pods, ebering_ghost_xom,
          grunt_forest_stairs_basic, uniq_rupert
Lair:4:   layout_roguey, minmay_shoals_entry_beasts,
          minmay_snake_entry_guardpost_medium
Lair:5:   layout_regular_city, minmay_slime_entry_oklob_open
Lair:6:   gammafunk_lair_ancient_temple, layout_long_grid,
          ebering_ghost_inner_flame
Orc:1:    layout_diamond_mine
Orc:2:    grunt_orc_gardens, layout_caves, grunt_orc_garden, grunt_orc_garden,
          grunt_orc_garden, grunt_orc_garden, uniq_donald

Skill      XL: |  1  2  3  4  5  6  7  8  9 10 11 12 13 14 15 |
---------------+----------------------------------------------+-----
Conjurations   | 2 3 4 5 6 8 9 10 12 13 15 16 | 16.0
Fighting       | 1 2 3 4 5 6 7 8 9 |  9.2
Fire Magic     | 4 5 6 7 8 10 11 12 | 12.4
Armour         | 1 2 |  2.5
Spellcasting   | 4 5 6 8 9 11 12 13 | 13.1
Dodging        | 3 5 6 7 8 10 11 12 | 12.3
Shields        | 3 4 |  4.0
Earth Magic    | 5 7 8 |  8.3
Long Blades    | 2 |  2.3
Stealth        | |  2.4

Action                   |  1- 3 |  4- 6 |  7- 9 | 10-12 | 13-15 || total
-------------------------+-------+-------+-------+-------+-------++-------
Melee: Unarmed           |     1 |       |       |       |       ||     1
       Short sword       |     1 |       |    14 |       |       ||    15
       Scimitar          |       |       |    50 |    20 |    71 ||   141
       Staff             |       |       |       |     4 |    13 ||    17
 Cast: Flame Tongue      |    47 |    63 |   226 |   271 |    44 ||   651
       Throw Flame       |    46 |    37 |    61 |    83 |     9 ||   236
       Conjure Flame     |     2 |     1 |     4 |     8 |     4 ||    19
       Sticky Flame      |       |       |    39 |    80 |    69 ||   188
       Fireball          |       |       |     9 |    80 |   281 ||   370
       Stone Arrow       |       |       |       |       |   123 ||   123
       Bolt of Fire      |       |       |       |       |    46 ||    46
Evoke: Wand              |       |       |       |       |     1 ||     1
  Use: Scroll            |       |     9 |     5 |    16 |     4 ||    34
       Potion            |       |       |     1 |     6 |     5 ||    12
  Eat: Chunk             |     6 |     6 |    22 |    27 |    62 ||   123
       Ration            |       |     1 |       |     5 |     7 ||    13
Armor: Leather armour    |     3 |     8 |    14 |       |       ||    25
       Robe              |       |       |    29 |    54 |    81 ||   164
Dodge: Dodged            |    26 |    20 |   112 |   157 |   309 ||   624
Block: Buckler           |       |       |       |     9 |    75 ||    84
       Rpst.: Scimitar   |       |       |    15 |    29 |    28 ||    72

Table legend:
 A = Non-vault XP
 B = Vault XP
 C = Vault XP percentage of total XP
 D = Non-vault monster count
 E = Vault monster count
 F = Vault count percentage of total count
                 A         B        C        D         E       F
            +---------+---------+-------+---------+---------+-------
      Total |   74527 |   46878 |  38.6 |     504 |     187 |  27.1
            +---------+---------+-------+---------+---------+-------
        D:1 |      54 |       0 |   0.0 |      33 |       0 |   0.0
        D:2 |      48 |       6 |  11.1 |      20 |       5 |  20.0
        D:3 |     312 |       0 |   0.0 |      13 |       0 |   0.0
        D:4 |     533 |      36 |   6.3 |      21 |       1 |   4.5
        D:5 |     628 |     560 |  47.1 |      29 |       5 |  14.7
        D:6 |     629 |       0 |   0.0 |      21 |       0 |   0.0
        D:7 |    1373 |       0 |   0.0 |      24 |       0 |   0.0
        D:8 |    2830 |       0 |   0.0 |      19 |       0 |   0.0
        D:9 |     375 |       0 |   0.0 |       9 |       0 |   0.0
       D:10 |    3762 |     454 |  10.8 |      28 |       4 |  12.5
       D:11 |    7793 |    4400 |  36.1 |      37 |      10 |  21.3
       D:12 |    3692 |    3376 |  47.8 |      19 |      25 |  56.8
       D:13 |    8840 |    7993 |  47.5 |      39 |      25 |  39.1
       D:14 |    8004 |       0 |   0.0 |      37 |       0 |   0.0
       D:15 |     302 |     203 |  40.2 |       1 |       2 |  66.7
     Lair:1 |    2622 |    1158 |  30.6 |      12 |       4 |  25.0
     Lair:2 |    3709 |       0 |   0.0 |      11 |       0 |   0.0
     Lair:3 |    1520 |       0 |   0.0 |       5 |       0 |   0.0
     Lair:4 |    6746 |    1775 |  20.8 |      32 |       8 |  20.0
     Lair:5 |    9496 |    1926 |  16.9 |      22 |       5 |  18.5
     Lair:6 |    5054 |    9902 |  66.2 |      20 |      24 |  54.5
      Orc:1 |    2706 |    2128 |  44.0 |      26 |       4 |  13.3
      Orc:2 |    3499 |    9742 |  73.6 |      26 |      24 |  48.0
     Bailey |       0 |    1217 | 100.0 |       0 |      30 | 100.0
   Gauntlet |       0 |    2002 | 100.0 |       0 |      11 | 100.0
            +---------+---------+-------+---------+---------+-------
